 Dungeon Crawl Stone Soup version 0.22-a0-779-g6f83d72c62 (webtiles) character file.

2405 Mirvelgyr the Cleaver (level 9, -7/70 HPs)
             Began as a Minotaur Berserker on July 19, 2018.
             Was an Elder of Trog.
             Mangled by an orc warrior
             ... wielding a +0 dire flail
              (23 damage)
             ... on level 6 of the Dungeon.
             The game lasted 00:07:27 (5675 turns).

Mirvelgyr the Cleaver (Minotaur Berserker)          Turns: 5675, Time: 00:07:28

Health: -7/70      AC: 13    Str: 28    XL:     9   Next: 23%
Magic:  17/17      EV: 11    Int:  4    God:    Trog [****..]
Gold:   442        SH:  0    Dex: 11    Spells: 8/8 levels left

rFire    + . .     SeeInvis .   a - +1 hand axe
rCold    + . .     Gourm    .   (no shield)
rNeg     . . .     Faith    .   r - quicksilver dragon scales
rPois    .         Spirit   .   (helmet restricted)
rElec    .         Reflect  .   (no cloak)
rCorr    .         Harm     .   A - +0 pair of gloves
MR       +++..                  b - +1 pair of boots
Stlth    ++........             (no amulet)
HPRegen  1.21/turn              u - ring of protection from cold
MPRegen  0.15/turn              s - ring "Dulusew" {rF+ MP+9 Str+4 Stlth+}

@: berserk cooldown, regenerating, slowed, very slow
A: retaliatory headbutt, horns 2
a: Berserk, Trog's Hand, Brothers in Arms, Renounce Religion


You were on level 6 of the Dungeon.
You worshipped Trog.
Trog was greatly pleased with you.
You were not hungry.

You visited 1 branch of the dungeon, and saw 7 of its levels.

You collected 442 gold pieces.

Inventory:

Hand Weapons
 a - a +1 hand axe (weapon)
Armour
 b - a +1 pair of boots (worn)
 r - quicksilver dragon scales (worn)
 A - a +0 pair of gloves (worn)
Jewellery
 i - a +3 amulet of reflection {unknown}
 s - the ring "Dulusew" (right hand) {rF+ MP+9 Str+4 Stlth+}
   (You found it on level 4 of the Dungeon)

   [ring of magical power]

   It affects your strength (+4).
   It protects you from fire.
   It affects your magic capacity (+9).
   It makes you more stealthy.
 u - a ring of protection from cold (left hand)
Wands
 y - a wand of disintegration (12)
Scrolls
 g - 5 scrolls of teleportation
 j - a scroll of blinking
 k - 2 scrolls of remove curse
 m - a scroll of enchant weapon
 p - 2 scrolls of identify
 x - a scroll of fog
Potions
 d - a potion of ambrosia {unknown}
 e - 2 potions of might
 f - 2 potions of curing {unknown}
 h - a potion of agility {unknown}
 l - 2 potions of mutation {unknown}
 n - 3 potions of resistance {unknown}
 o - 4 potions of haste {unknown}
 q - a potion of berserk rage {unknown}
 t - a potion of heal wounds {unknown}
 v - a potion of brilliance {unknown}
 w - a potion of lignification {unknown}
Comestibles
 c - 14 rations


   Skills:
 - Level 3.6 Fighting
 + Level 14.4 Axes
 - Level 2.4 Armour
 - Level 2.1 Dodging


You had 8 spell levels left.
You didn't know any spells.
Your spell library was empty.

Dungeon Overview and Level Annotations

Branches:
Dungeon (7/15)             Temple (0/1) D:4

Altars:
Fedhas
Gozag
Okawaru
Qazlal
Ru
Xom
The Shining One

Shops:
D:4 :


Innate Abilities, Weirdness & Mutations

You reflexively headbutt those who attack you in melee.
You have a pair of horns on your head.


Message History

The orc warrior barely misses you. The killer bee closely misses you.
You furiously retaliate!
You headbutt the killer bee!
You kill the killer bee!
Trog accepts your kill.
You see here a killer bee corpse.
You hit the orc warrior.
You headbutt the orc warrior, but do no damage.
The orc warrior is moderately wounded.
The orc warrior hits you with a dire flail!
* * * LOW HITPOINT WARNING * * *
You hit the orc warrior. You headbutt the orc warrior.
The orc warrior is heavily wounded.
The orc warrior hits you but does no damage.
You hit the orc warrior but do no damage.
The orc warrior is heavily wounded.
The orc warrior barely misses you.
You hit the orc warrior.
The orc warrior is heavily wounded.
The orc warrior hits you with a dire flail!!
You die...

##..........#....##........#
)#..........#....##........######
<#..........#.##.##.........#....
.#............#...#...........###
..#######.##....#.....##.##...##
...######)#...........##.......#
.#.............................##
...))...#.#.....###.#............
..##).......##..@.....####.......
............##.)o†....####.....#.
.#........#..#........#........##
.##.......#..................####
..##........##........#.#.....# #
#.##......####..........#.#...###
#.#.......####........##..#......
#.#..........#.####..###.#.......
#.........##.#...[..####.........


You could see an orc warrior.

Vanquished Creatures
  Prince Ribbit (D:6)
  Grinder (D:6)
  An orc warrior (D:6)
  A sky beast (D:7)
  2 ice beasts
  3 ogres
  The ghost of temitten the Skirmisher, an amateur DsFi (D:3)
  2 bullfrogs (D:6)
  A scorpion (D:4)
  2 killer bees (D:6)
  A bullfrog zombie (D:4)
  2 crimson imps
  3 hounds (D:6)
  2 jellies
  4 orc priests
  A bullfrog skeleton (D:4)
  An orc wizard (D:5)
  9 worker ants
  2 hound zombies (D:4)
  A howler monkey zombie (D:5)
  Robin (D:2)
  5 worker ant zombies (D:4)
  8 adders
  A howler monkey skeleton (D:4)
  3 shadow imps
  2 oozes
  4 adder zombies
  3 adder skeletons (D:4)
  A worm (D:2)
  A dart slug (D:1)
  3 leopard geckos
  15 orcs
  11 bats
  8 giant cockroaches
  12 goblins
  13 hobgoblins
  7 jackals (D:1)
  6 kobolds
  2 quokkas
  4 frilled lizards
  A goblin skeleton (D:4)
  A goblin zombie (D:4)
  A hobgoblin zombie (D:4)
  A kobold skeleton (D:4)
  2 kobold zombies (D:4)
  A leopard gecko skeleton (D:4)
  A leopard gecko zombie (D:4)
  3 orc skeletons (D:4)
  An orc zombie (D:4)
  A quokka skeleton (D:4)
  4 quokka zombies (D:4)
  9 rats
  A fungus (D:2)
  A withered plant (D:4)
179 creatures vanquished.

Notes
Turn   | Place    | Note
-------+----------+-------------------------------------------
     0 | D:1      | Mirvelgyr the Minotaur Berserker began the quest for the Orb.
     0 | D:1      | Reached XP level 1. HP: 19/19 MP: 0/0
    29 | D:1      | Reached skill level 4 in Axes
    59 | D:1      | Reached XP level 2. HP: 22/26 MP: 1/1
   350 | D:1      | Reached skill level 5 in Axes
   357 | D:1      | Reached XP level 3. HP: 12/31 MP: 2/2
   657 | D:1      | Reached ** piety under Trog
   992 | D:2      | Found a blossoming altar of Fedhas.
  1002 | D:2      | Noticed Robin
  1014 | D:2      | Killed Robin
  1024 | D:2      | Reached skill level 6 in Axes
  1024 | D:2      | Reached XP level 4. HP: 39/39 MP: 3/3
  1429 | D:2      | Found a sacrificial altar of Ru.
  1610 | D:2      | Found a faded altar of an unknown god.
  1648 | D:2      | Found an iron altar of Okawaru.
  1703 | D:2      | Reached skill level 7 in Axes
  1703 | D:2      | Reached XP level 5. HP: 27/45 MP: 4/4
  1758 | D:2      | Reached *** piety under Trog
  2016 | D:3      | Found a runed door.
  2016 | D:3      | Noticed temitten's ghost (amateur DsFi)
  2090 | D:3      | Killed temitten's ghost
  2090 | D:3      | Reached skill level 8 in Axes
  2377 | D:3      | Found an opulent altar of Gozag.
  2591 | D:4      | Reached XP level 6. HP: 48/51 MP: 5/5
  2638 | D:4      | Found a staircase to the Ecumenical Temple.
  2696 | D:4      | Found Haoh's Book Shop.
  2777 | D:4      | Reached skill level 9 in Axes
  3108 | D:4      | Reached XP level 7. HP: 17/57 MP: 6/6
  3413 | D:4      | Reached skill level 10 in Axes
  3529 | D:4      | Got a transparent tin ring
  3545 | D:4      | Reached **** piety under Trog
  3553 | D:4      | Found a glowing golden altar of the Shining One.
  3645 | D:4      | Reached skill level 11 in Axes
  3690 | D:4      | Found a stormy altar of Qazlal.
  3812 | D:5      | Entered Level 5 of the Dungeon
  4323 | D:5      | Reached XP level 8. HP: 63/64 MP: 7/7
  4688 | D:6      | Reached skill level 12 in Axes
  4916 | D:6      | Found a shimmering altar of Xom.
  4917 | D:6      | Noticed Prince Ribbit
  4936 | D:6      | Killed Prince Ribbit
  4999 | D:6      | Reached skill level 13 in Axes
  5419 | D:6      | Identified the ring "Dulusew" {rF+ MP+9 Str+4 Stlth+} (You found it on level 4 of the Dungeon)
  5499 | D:6      | Noticed Grinder
  5523 | D:6      | Killed Grinder
  5523 | D:6      | Reached skill level 14 in Axes
  5523 | D:6      | Reached XP level 9. HP: 70/70 MP: 8/8
  5675 | D:6      | Mangled by an orc warrior

Vault maps used:
D:1:      dpeg_arrival_another_circle, st_stairs_14, minmay_pentomino_v2
D:2:      minmay_diamond_boxcup, lemuel_crystal_altar,
          nicolae_overflow_crystal_walls, chequers_ecumenical_altar_grove,
          first_ration, fedhas_altar_3, uniq_robin
D:3:      nicolae_gozag_cash_rules_everything_around_me, gammafunk_ghost_grave
D:4:      marbit_many_paths, nicolae_overflow_hidden_temple,
          nicolae_tso_besieged_by_evil, minmay_temple_entry_water_ring,
          serial_undead, serial_undead_d, serial_undead_f, serial_undead_e,
          serial_undead_d, serial_undead_c, serial_undead_a, serial_undead_b,
          serial_undead_f, serial_undead_a, serial_undead_b, serial_shops, shop
D:6:      basic_altar, uniq_grinder, uniq_prince_ribbit1
D:7:      dk_rats_in_the_wall, uniq_crazy_yiuf_cottage, uniq_joseph,
          uniq_duvessa

Skill      XL: |  1  2  3  4  5  6  7  8 |
---------------+-------------------------+-----
Axes           | 4 5 6 7 8 9 11 14 | 14.4
Fighting       | |  3.6
Armour         | |  2.4
Dodging        | |  2.1

Action                   |  1- 3 |  4- 6 |  7- 9 || total
-------------------------+-------+-------+-------++-------
Melee: Hand axe          |    66 |   176 |   245 ||   487
       Headbutt          |     7 |    32 |    62 ||   101
Invok: Berserk           |     1 |     2 |     1 ||     4
       Trog's Hand       |       |       |     3 ||     3
  Use: Scroll            |       |     6 |     2 ||     8
  Eat: Chunk             |       |    10 |    10 ||    20
Armor: Animal skin       |    11 |       |       ||    11
       Ring mail         |       |    43 |       ||    43
       Quicksilver drago |       |    35 |    98 ||   133
Dodge: Dodged            |    45 |    59 |    81 ||   185

Table legend:
 A = Spawn XP
 B = Non-spawn XP
 C = Spawn XP percentage of total XP
 D = Spawn monster count
 E = Non-spawn monster count
 F = Spawn count percentage of total count
 G = Total turns spent on level
                    A         B        C        D         E        F      G
               +---------+---------+-------+---------+---------+-------+---------
         Total |       0 |    3437 |   0.0 |       0 |     177 |   0.0 |  5675
               +---------+---------+-------+---------+---------+-------+---------
           D:1 |       0 |      53 |   0.0 |       0 |      24 |   0.0 |   992
           D:2 |       0 |     158 |   0.0 |       0 |      48 |   0.0 |   876
           D:3 |       0 |     165 |   0.0 |       0 |      13 |   0.0 |   713
           D:4 |       0 |     897 |   0.0 |       0 |      42 |   0.0 |  1231
           D:5 |       0 |     190 |   0.0 |       0 |      10 |   0.0 |   856
           D:6 |       0 |    1657 |   0.0 |       0 |      29 |   0.0 |   957
           D:7 |       0 |     317 |   0.0 |       0 |      11 |   0.0 |    50
               +---------+---------+-------+---------+---------+-------+---------
